General information
- name: BNet
- type: Ladder team game (AT/RT)
- host: Battle.net
- saver: lIl
map: Deathknell
- players: 8
- length: 25:09
- speed: Fast
- version: 1.27 W3XP
- replay type: Public
» download(175 KB)
Players
team 1 (winner)
GoDs-sOn420 (
blue | 57 APM | 663 actions | 11:39)
3 Death Knight
2 Death Coil
1 Unholy Aura
1 Lich
1 Frost Nova
» actions
| Assign group hotkey | 13 | |
| Basic commands | 1 | |
| Build / train | 32 | |
| Enter build submenu | 13 | |
| Enter hero's abilities submenu | 4 | |
| Right click | 169 | |
| Select / deselect | 86 | |
| Select group hotkey | 316 | |
| Use ability | 29 | |
663 total
» units
| Acolyte | 8 | |
| Ghoul | 2 | |
| Crypt Fiend | 9 | |
19 total
» upgrades
| Creature Attack | 1 | |
| Creature Carapace | 1 | |
2 total
» buildings
| Graveyard | 1 | |
| Crypt | 1 | |
| Altar of Darkness | 1 | |
| Ziggurat | 8 | |
| Tomb of Relics | 1 | |
| Nerubian Tower | 1 | |
| Halls of the Dead | 1 | |
| Necropolis | 1 | |
| Slaughterhouse | 1 | |
16 total
» build order
00:09 Graveyard
00:21 Crypt
00:42 Altar of Darkness
01:00 Ziggurat
01:35 Tomb of Relics
02:00 Ziggurat
03:51 Nerubian Tower
04:06 Ziggurat
04:38 Halls of the Dead
06:01 Ziggurat
06:45 Ziggurat
07:34 Necropolis
10:00 Ziggurat
10:01 Ziggurat
10:02 Ziggurat
10:44 Slaughterhouse
» items
| Rod of Necromancy | 1 | |
| Lesser Clarity Potion | 1 | |
| Scroll of Regeneration | 1 | |
3 total
Saalvo (
green | 79 APM | 1060 actions | 13:29)
4 Paladin
2 Holy Light
2 Divine Shield
» actions
| Assign group hotkey | 29 | |
| Basic commands | 81 | |
| Build / train | 49 | |
| Enter build submenu | 24 | |
| Enter hero's abilities submenu | 4 | |
| Right click | 461 | |
| Select / deselect | 244 | |
| Select group hotkey | 86 | |
| Use ability | 80 | |
1060 total
» units
| Peasant | 13 | |
| Footman | 11 | |
| Goblin Shredder | 1 | |
25 total
» upgrades
» buildings
| Altar of Kings | 1 | |
| Farm | 6 | |
| Barracks | 1 | |
| Scout Tower | 17 | |
| Arcane Tower | 3 | |
| Arcane Vault | 1 | |
| Lumber Mill | 1 | |
| Keep | 3 | |
| Town Hall | 1 | |
| Blacksmith | 1 | |
| Guard Tower | 6 | |
| Workshop | 2 | |
| Castle | 2 | |
45 total
» build order
00:07 Altar of Kings
00:10 Farm
00:43 Barracks
00:48 Farm
01:29 Scout Tower
01:56 Arcane Tower
01:56 Arcane Tower
02:10 Farm
02:22 Arcane Vault
03:08 Lumber Mill
04:16 Farm
04:21 Farm
04:43 Keep
04:43 Keep
05:56 Town Hall
05:58 Scout Tower
05:59 Scout Tower
06:01 Scout Tower
06:10 Scout Tower
07:01 Blacksmith
07:35 Arcane Tower
07:36 Guard Tower
07:36 Guard Tower
08:37 Scout Tower
08:38 Scout Tower
08:39 Scout Tower
08:49 Farm
08:56 Workshop
09:00 Workshop
09:15 Guard Tower
09:49 Guard Tower
11:28 Castle
11:50 Scout Tower
11:51 Scout Tower
11:52 Scout Tower
11:53 Scout Tower
13:12 Scout Tower
13:12 Scout Tower
13:13 Scout Tower
13:15 Scout Tower
13:15 Scout Tower
» items
MassT1AlwaysWin (
pink | 62 APM | 1567 actions | 25:09)
6 Archmage
3 Summon Water Elemental
2 Brilliance Aura
1 Mass Teleport
5 Mountain King
2 Storm Bolt
3 Bash
» actions
| Assign group hotkey | 60 | |
| Basic commands | 22 | |
| Build / train | 93 | |
| Enter build submenu | 43 | |
| Enter hero's abilities submenu | 11 | |
| Give item / drop item | 2 | |
| Remove unit from queue | 3 | |
| Right click | 646 | |
| Select / deselect | 403 | |
| Select group hotkey | 156 | |
| Use ability | 128 | |
1567 total
» units
| Peasant | 25 | |
| Footman | 4 | |
| Goblin Shredder | 1 | |
| Gryphon Rider | 1 | |
| Dragonhawk Rider | 2 | |
33 total
» upgrades
| Masonry | 3 | |
| Swords | 3 | |
| Armor | 3 | |
| Animal War Training | 1 | |
| Storm Hammers | 1 | |
| Cloud | 1 | |
| Reinforced Hides | 1 | |
13 total
» buildings
| Altar of Kings | 1 | |
| Barracks | 1 | |
| Farm | 7 | |
| Scout Tower | 28 | |
| Arcane Tower | 1 | |
| Arcane Vault | 1 | |
| Keep | 1 | |
| Town Hall | 2 | |
| Lumber Mill | 1 | |
| Gryphon Aviary | 4 | |
| Blacksmith | 2 | |
| Castle | 1 | |
| Guard Tower | 16 | |
66 total
» build order
00:54 Altar of Kings
00:57 Barracks
01:01 Farm
01:02 Farm
01:15 Farm
01:17 Farm
01:51 Farm
02:12 Scout Tower
02:44 Arcane Tower
03:22 Arcane Vault
04:21 Keep
04:46 Town Hall
04:52 Lumber Mill
07:50 Gryphon Aviary
07:51 Gryphon Aviary
07:51 Gryphon Aviary
07:52 Gryphon Aviary
07:55 Blacksmith
07:58 Blacksmith
08:59 Farm
09:02 Castle
13:46 Scout Tower
13:46 Scout Tower
13:46 Scout Tower
13:47 Scout Tower
13:48 Scout Tower
13:48 Scout Tower
13:48 Scout Tower
13:49 Scout Tower
13:49 Scout Tower
14:21 Scout Tower
14:21 Scout Tower
14:22 Scout Tower
14:23 Scout Tower
14:26 Scout Tower
14:29 Scout Tower
14:29 Scout Tower
14:53 Guard Tower
15:41 Guard Tower
17:24 Scout Tower
17:25 Scout Tower
17:25 Scout Tower
17:25 Scout Tower
17:26 Scout Tower
17:27 Scout Tower
17:28 Scout Tower
17:31 Scout Tower
17:34 Scout Tower
17:39 Scout Tower
17:49 Farm
18:06 Guard Tower
18:17 Guard Tower
18:21 Guard Tower
18:23 Guard Tower
18:23 Guard Tower
18:24 Guard Tower
18:24 Guard Tower
18:25 Guard Tower
18:25 Guard Tower
18:25 Guard Tower
18:28 Guard Tower
18:28 Guard Tower
20:26 Town Hall
» items
| Scroll of Regeneration | 2 | |
| Mechanical Critter | 3 | |
| Scroll of Town Portal | 4 | |
| Potion of Healing | 1 | |
| Potion of Mana | 1 | |
| Orb of Corruption | 1 | |
12 total

»
BlueFire (
orange | 63 APM | 1301 actions | 20:44)
6 Priestess of the Moon
2 Searing Arrows
3 Trueshot Aura
1 Starfall
1 Death Knight
1 Unholy Aura
3 Lich
2 Frost Armor
1 Frost Nova
» actions
| Assign group hotkey | 22 | |
| Basic commands | 255 | |
| Build / train | 101 | |
| Enter build submenu | 25 | |
| Enter hero's abilities submenu | 11 | |
| Right click | 170 | |
| Select / deselect | 215 | |
| Select group hotkey | 453 | |
| Use ability | 49 | |
1301 total
» units
| Wisp | 21 | |
| Huntress | 7 | |
| Archer | 1 | |
| Chimaera | 7 | |
| Obsidian Statue | 4 | |
| Mortar Team | 8 | |
| Acolyte | 7 | |
| Crypt Fiend | 6 | |
| Hippogryph | 2 | |
63 total
» upgrades
| Ultravision | 1 | |
| Strength of the Wild | 3 | |
| Well Spring | 1 | |
| Web | 1 | |
| Corrosive Breath | 1 | |
| Fragmentation Shards | 1 | |
8 total
» buildings
| Altar of Elders | 1 | |
| Moon Well | 9 | |
| Hunter's Hall | 1 | |
| Ancient of War | 1 | |
| Ancient Protector | 2 | |
| Ancient of Wonders | 1 | |
| Tree of Ages | 2 | |
| Tree of Life | 1 | |
| Tree of Eternity | 1 | |
| Ancient of Wind | 1 | |
| Chimaera Roost | 3 | |
| Black Citadel | 2 | |
| Ziggurat | 1 | |
| Farm | 4 | |
30 total
» build order
00:33 Altar of Elders
01:00 Moon Well
01:34 Hunter's Hall
02:00 Ancient of War
02:45 Moon Well
02:51 Moon Well
04:04 Ancient Protector
04:19 Ancient of Wonders
04:27 Ancient Protector
04:41 Tree of Ages
04:41 Tree of Ages
06:31 Tree of Life
07:04 Moon Well
07:09 Tree of Eternity
07:13 Ancient of Wind
08:43 Moon Well
09:53 Chimaera Roost
09:58 Chimaera Roost
10:02 Chimaera Roost
12:04 Black Citadel
12:09 Ziggurat
12:30 Moon Well
14:06 Moon Well
15:57 Farm
15:58 Farm
15:58 Farm
15:59 Farm
17:37 Moon Well
19:16 Moon Well
» items
| Potion of Healing | 1 | |
| Scroll of Town Portal | 2 | |
| Scroll of Regeneration | 2 | |
5 total
team 2 (loser)
deLonTewEst (
red | 52 APM | 1092 actions | 20:52)
5 Death Knight
3 Death Coil
2 Unholy Aura
2 Lich
1 Frost Nova
1 Frost Armor
2 Crypt Lord
1 Impale
1 Spiked Carapace
» actions
| Assign group hotkey | 14 | |
| Basic commands | 81 | |
| Build / train | 96 | |
| ESC pressed | 3 | |
| Enter build submenu | 20 | |
| Enter hero's abilities submenu | 10 | |
| Give item / drop item | 1 | |
| Right click | 410 | |
| Select / deselect | 217 | |
| Select group hotkey | 135 | |
| Use ability | 105 | |
1092 total
» units
| Acolyte | 11 | |
| Ghoul | 4 | |
| Crypt Fiend | 12 | |
| Obsidian Statue | 2 | |
| Frost Wyrm | 5 | |
34 total
» upgrades
| Creature Attack | 4 | |
| Creature Carapace | 2 | |
| Web | 1 | |
| Burrow | 1 | |
| Ghoul Frenzy | 1 | |
| Freezing Breath | 1 | |
10 total
» buildings
| Graveyard | 1 | |
| Crypt | 1 | |
| Ziggurat | 9 | |
| Altar of Darkness | 1 | |
| Tomb of Relics | 1 | |
| Nerubian Tower | 3 | |
| Halls of the Dead | 3 | |
| Necropolis | 1 | |
| Black Citadel | 3 | |
| Sacrificial Pit | 1 | |
| Slaughterhouse | 1 | |
| Spirit Tower | 6 | |
| Boneyard | 3 | |
34 total
» build order
00:09 Graveyard
00:12 Crypt
00:38 Ziggurat
00:57 Altar of Darkness
01:55 Ziggurat
02:00 Tomb of Relics
02:32 Nerubian Tower
03:50 Ziggurat
05:55 Halls of the Dead
05:56 Halls of the Dead
06:03 Necropolis
06:56 Ziggurat
06:57 Ziggurat
06:59 Ziggurat
08:30 Black Citadel
08:30 Black Citadel
08:41 Sacrificial Pit
08:45 Slaughterhouse
08:55 Nerubian Tower
08:55 Nerubian Tower
09:06 Spirit Tower
09:08 Spirit Tower
09:08 Spirit Tower
09:14 Spirit Tower
09:14 Spirit Tower
10:57 Boneyard
10:58 Boneyard
10:59 Boneyard
13:38 Ziggurat
13:39 Ziggurat
13:40 Ziggurat
» items
| Rod of Necromancy | 4 | |
| Scroll of Town Portal | 2 | |
| Orb of Corruption | 1 | |
7 total
Boogieman (
purple | 70 APM | 1734 actions | 24:50)
6 Death Knight
3 Death Coil
2 Unholy Aura
1 Animate Dead
5 Lich
2 Frost Nova
3 Frost Armor
» actions
| Assign group hotkey | 121 | |
| Build / train | 66 | |
| ESC pressed | 1 | |
| Enter build submenu | 22 | |
| Enter hero's abilities submenu | 11 | |
| Give item / drop item | 2 | |
| Remove unit from queue | 1 | |
| Right click | 538 | |
| Select / deselect | 239 | |
| Select group hotkey | 653 | |
| Use ability | 80 | |
1734 total
» units
| Acolyte | 9 | |
| Ghoul | 3 | |
| Crypt Fiend | 8 | |
| Frost Wyrm | 6 | |
26 total
» upgrades
| Web | 1 | |
| Creature Attack | 1 | |
| Creature Carapace | 1 | |
3 total
» buildings
| Graveyard | 1 | |
| Crypt | 1 | |
| Altar of Darkness | 1 | |
| Ziggurat | 8 | |
| Tomb of Relics | 1 | |
| Nerubian Tower | 1 | |
| Halls of the Dead | 1 | |
| Spirit Tower | 2 | |
| Necropolis | 1 | |
| Black Citadel | 3 | |
| Sacrificial Pit | 1 | |
| Boneyard | 2 | |
23 total
» build order
00:30 Graveyard
00:35 Crypt
00:43 Altar of Darkness
00:59 Ziggurat
01:18 Tomb of Relics
01:30 Ziggurat
01:55 Nerubian Tower
04:27 Ziggurat
05:12 Halls of the Dead
06:02 Spirit Tower
06:24 Necropolis
06:48 Ziggurat
07:48 Black Citadel
07:48 Black Citadel
08:18 Ziggurat
08:37 Sacrificial Pit
08:51 Spirit Tower
10:10 Boneyard
10:19 Boneyard
11:32 Ziggurat
14:23 Ziggurat
16:05 Ziggurat
» items
| Rod of Necromancy | 1 | |
| Lesser Clarity Potion | 1 | |
| Potion of Healing | 6 | |
| Healing Salve | 1 | |
| Scroll of Town Portal | 3 | |
| Orb of Corruption | 1 | |
13 total

»
epoch.cow (
yellow | 99 APM | 1901 actions | 19:09)
3 Blademaster
2 Wind Walk
1 Critical Strike
2 Shadow Hunter
1 Hex
1 Healing Wave
» actions
| Assign group hotkey | 16 | |
| Basic commands | 160 | |
| Build / train | 83 | |
| ESC pressed | 8 | |
| Enter build submenu | 28 | |
| Enter hero's abilities submenu | 5 | |
| Give item / drop item | 3 | |
| Right click | 618 | |
| Select / deselect | 249 | |
| Select group hotkey | 660 | |
| Use ability | 71 | |
1901 total
» units
| Peon | 16 | |
| Grunt | 6 | |
| Goblin Shredder | 1 | |
| Demolisher | 1 | |
| Shaman | 5 | |
| Mud Golem | 1 | |
| Gnoll Overseer | 1 | |
| Ice Troll Trapper | 1 | |
| Ice Troll Berserker | 1 | |
| Tauren | 8 | |
| Troll Batrider | 6 | |
47 total
» upgrades
| Armor | 2 | |
| Melee Weapons | 1 | |
| Berserker Strength | 2 | |
| Shaman Training | 2 | |
| Pulverize | 1 | |
| Ranged Weapons | 1 | |
9 total
» buildings
| Altar of Storms | 1 | |
| Orc Burrow | 6 | |
| Barracks | 1 | |
| Voodoo Lounge | 1 | |
| War Mill | 1 | |
| Great Hall | 2 | |
| Stronghold | 1 | |
| Watch Tower | 4 | |
| Fortress | 1 | |
| Spirit Lodge | 2 | |
| Tauren Totem | 2 | |
| Beastiary | 2 | |
24 total
» build order
00:19 Altar of Storms
00:21 Orc Burrow
00:56 Barracks
01:42 Orc Burrow
02:02 Voodoo Lounge
02:50 Orc Burrow
03:48 War Mill
04:27 Great Hall
04:42 Stronghold
06:13 Watch Tower
07:44 Fortress
07:46 Spirit Lodge
09:05 Spirit Lodge
09:11 Orc Burrow
09:13 Orc Burrow
09:34 Watch Tower
10:45 Tauren Totem
10:49 Tauren Totem
13:04 Orc Burrow
15:21 Great Hall
16:14 Beastiary
16:47 Beastiary
16:51 Watch Tower
18:51 Watch Tower
» items
| Healing Salve | 4 | |
| Lesser Clarity Potion | 2 | |
| Scroll of Speed | 2 | |
| Scroll of Town Portal | 3 | |
| Orb of Lightning | 1 | |
| Potion of Mana | 1 | |
13 total
lIl (
teal | 87 APM | 2188 actions | 25:09)
8 Blademaster
3 Wind Walk
3 Critical Strike
1 Bladestorm
1 Mirror Image
1 Crypt Lord
1 Impale
» actions
| Assign group hotkey | 115 | |
| Basic commands | 129 | |
| Build / train | 109 | |
| Enter build submenu | 48 | |
| Enter hero's abilities submenu | 9 | |
| Give item / drop item | 3 | |
| Right click | 724 | |
| Select / deselect | 238 | |
| Select group hotkey | 658 | |
| Use ability | 155 | |
2188 total
» units
| Peon | 15 | |
| Grunt | 9 | |
| Goblin Shredder | 5 | |
| Goblin Zeppelin | 3 | |
| Goblin Sapper | 14 | |
| Wind Rider | 5 | |
51 total
» upgrades
| Berserker Strength | 1 | |
| Pillage | 1 | |
| Melee Weapons | 1 | |
| Reinforced Defenses | 1 | |
| Berserker Upgrade | 1 | |
| Ranged Weapons | 3 | |
| Envenomed Spears | 1 | |
| Armor | 2 | |
11 total
» buildings
| Orc Burrow | 8 | |
| Altar of Storms | 1 | |
| Barracks | 1 | |
| Voodoo Lounge | 2 | |
| Stronghold | 3 | |
| War Mill | 1 | |
| Great Hall | 3 | |
| Watch Tower | 29 | |
| Fortress | 3 | |
| Beastiary | 3 | |
54 total
» build order
00:16 Orc Burrow
01:21 Altar of Storms
01:24 Barracks
01:26 Orc Burrow
02:03 Voodoo Lounge
02:42 Orc Burrow
04:40 Stronghold
04:40 Stronghold
05:41 War Mill
06:10 Great Hall
07:30 Voodoo Lounge
07:58 Watch Tower
07:59 Watch Tower
08:00 Watch Tower
08:02 Watch Tower
08:03 Watch Tower
08:17 Fortress
08:18 Fortress
08:18 Fortress
08:25 Watch Tower
08:52 Watch Tower
09:54 Watch Tower
10:14 Watch Tower
10:23 Watch Tower
10:29 Watch Tower
12:25 Watch Tower
12:27 Watch Tower
12:34 Beastiary
12:36 Beastiary
13:09 Beastiary
14:30 Orc Burrow
14:31 Orc Burrow
14:37 Orc Burrow
14:45 Orc Burrow
14:48 Orc Burrow
15:10 Watch Tower
15:18 Watch Tower
15:21 Watch Tower
19:33 Watch Tower
19:34 Watch Tower
24:20 Watch Tower
24:21 Watch Tower
24:21 Watch Tower
24:22 Watch Tower
24:22 Watch Tower
24:23 Watch Tower
24:23 Watch Tower
24:24 Watch Tower
24:25 Watch Tower
24:25 Watch Tower
24:26 Watch Tower
25:04 Great Hall
25:09 Great Hall
» items
| Healing Salve | 6 | |
| Lesser Clarity Potion | 4 | |
| Orb of Corruption | 1 | |
| Scroll of Town Portal | 1 | |
| Orb of Lightning | 1 | |
13 total
Chat log
(00:05 / Allies) epoch.cow: hello
(00:08 / Allies) Boogieman: yo
(00:14 / Allies) epoch.cow: can we pls rush
(00:40 / Allies) epoch.cow: rush?
(00:52 / Allies) Boogieman: rather get an expo
(01:14 / Allies) epoch.cow: teal are you feeding?
(01:31 / Allies) lIl: no
(01:35 / Allies) lIl: Was doing something real fast
(01:39 / Allies) lIl: and slow build
(04:38 / Allies) epoch.cow: ?
(06:01 / Allies) epoch.cow: i just need heal
(06:06 / Allies) deLonTewEst: ok
(06:08 / Allies) deLonTewEst: and my shredder
(06:11 / Allies) deLonTewEst: and all the items
(06:20 / Allies) epoch.cow: i took 2 items
(06:21 / Allies) lIl: I hate fags like yellow
(06:22 / Allies) epoch.cow: you got one
(06:39 / Allies) epoch.cow: do you want the claws?
(06:47 / Allies) deLonTewEst: i want to hit
(06:48 / Allies) lIl: I'll take them if he doesn't
(07:13 / Allies) lIl: lol
(07:19 / Allies) Boogieman: what?
(07:21 / Allies) deLonTewEst: should i keep making units yellow?
(07:22 / Allies) lIl: just camping there?
(07:23 / Allies) deLonTewEst: or just feed you?
(07:27 / Allies) Boogieman: i need slaves
(07:32 / Allies) lIl: great
(07:36 / Allies) Boogieman: they were on cd
(07:40 / Allies) lIl: so I can't creep because you are too retarded to use mana
(07:41 / Allies) lIl: to heal ur shit
(07:45 / Allies) Boogieman: lmao
(07:46 / Allies) lIl: and you take all my fucking items
(07:48 / Allies) lIl: so I need 2 shops
(08:02 / Allies) Boogieman: dude you only need 1 at a time
(08:05 / Allies) Boogieman: why you so stingy lmao
(08:08 / Allies) lIl: 1 salve is 3 charges retard
(08:10 / Allies) lIl: and I have 5 grunts
(08:12 / Allies) Boogieman: never heard any orc ever complain about that
(08:13 / Allies) Boogieman: lmao
(09:37 / Allies) deLonTewEst: oh thank you
(09:46 / Allies) deLonTewEst: kind massah
(10:10 / Allies) lIl: let's hit
(11:43 / All) lIl: wtf
(11:45 / All) lIl: Fucking pussy
(11:47 / All) Saalvo: what a baby
(11:49 / All) lIl: yeah you lost your expo
(11:50 / All) lIl: big deal
(11:59 / All) lIl: No shit
(12:03 / All) lIl: retards like that ruin this game
(13:28 / All) Saalvo: gg
(13:36 / All) lIl: two babies
(14:55 / Allies) deLonTewEst: gj
(15:21 / Allies) deLonTewEst: gj yellow
(15:28 / Allies) epoch.cow: thx bro
(15:35 / Allies) epoch.cow: u2
(17:24 / Allies) Boogieman: wtf
(17:26 / Allies) Boogieman: noob
(17:31 / Allies) lIl: THIS IS WHY YOU DON'T BUY MY SALVES
(17:32 / Allies) deLonTewEst: better than yellow
(17:35 / Allies) Boogieman: lmao
(17:37 / Allies) lIl: Item thieves all around
(17:38 / Allies) Boogieman: you are a scrub
(17:42 / Allies) lIl: item thief yellow and item thief purple
(17:44 / Allies) lIl: I feel for you red
(17:46 / Allies) epoch.cow: wow red you cry alot
(17:48 / Allies) Boogieman: i took 1 item
(17:49 / Allies) Boogieman: lmao
(17:53 / Allies) Boogieman: you are 12yo
(17:55 / Allies) Boogieman: its cool
(17:57 / All) lIl: purp "you are a scrub" he's barely above 50%
(17:58 / Allies) Boogieman: just a game
(18:08 / All) Boogieman: lmao you are so bad bro
(18:13 / All) Boogieman: suck on ya moms tit some more
(18:19 / All) lIl: I'm fucking your mom
(18:19 / Allies) deLonTewEst: butter than yellow
(18:22 / All) lIl: not sucking mine
(18:23 / All) Boogieman: good one
(18:25 / All) lIl: I'm fucking her pussy
(18:29 / Allies) deLonTewEst: gj yell
(18:30 / All) lIl: I'm fucking your mom bro
(18:37 / Allies) epoch.cow: thx cry baby
(18:40 / Allies) deLonTewEst: yw
(18:41 / All) Boogieman: dawg you sucking ya pops dick
(18:54 / All) lIl: I'm fucking your mom
(18:54 / Allies) deLonTewEst: who wants my gold?
(18:59 / All) lIl: her juicy pussy
(19:01 / All) lIl: I'm fucking her bro
(19:02 / Allies) deLonTewEst: i got 2.3k and 1.6k wood
(19:03 / Allies) lIl: me
(19:04 / Allies) deLonTewEst: who needs
(19:08 / Allies) deLonTewEst: k
(19:10 / Allies) lIl: ty
(19:24 / Allies) lIl: I can use it I'm pro unlike these item thief noobs
(19:25 / Allies) lIl: ty man
(19:29 / Allies) deLonTewEst: np
(19:49 / All) Boogieman: you are a scrub just keep cryinig man
(19:59 / Allies) deLonTewEst: ok
(20:09 / Allies) deLonTewEst: gold purple plz
(20:19 / Allies) deLonTewEst: ty
(20:21 / Allies) deLonTewEst: teal you need gold?
(20:33 / Allies) lIl: I'm good ty
(20:38 / Allies) deLonTewEst: i gave anyway
(20:39 / Allies) deLonTewEst: don't need
(21:09 / All) lIl: that's why you don't attack me
(21:27 / All) lIl: purp only one left LOL
(21:30 / All) lIl: Time for you to lose purp
(21:40 / All) lIl: I have a +25 bm
(21:43 / All) Boogieman: i could care less this is my fuck around account
(21:48 / All) lIl: corruption and lightning orb with +6 agility boots and +9 claws
(21:50 / All) lIl: and no one to use it on
(21:50 / All) Boogieman: my real one i cant get in games
(21:54 / All) lIl: because everyone in this game blows ass
(21:57 / All) lIl: haha sure
(21:59 / All) lIl: what's your real one's name
(22:07 / All) lIl: I'll help you out if I see you, give you some losses
(22:10 / All) Boogieman: roastpork
(22:20 / All) lIl: 1v1 me after on that account
(22:22 / All) Boogieman: lol i could care less this game is dead bro
(22:26 / All) Boogieman: stop crting so much
(22:30 / All) lIl: I'm not crying
(22:33 / All) lIl: why would I be, I raped you
(22:34 / All) Boogieman: clearly you
(22:36 / All) Boogieman: are
(22:54 / All) lIl: I just needed an excuse to attack you and went on the salve one lawl
(23:08 / All) lIl: From where you're kneeling it must look like an 18-karat run of bad luck but the truth is
(23:11 / All) lIl: the game was rigged from the start
(23:17 / All) lIl: Me and pink were working together
(23:26 / All) lIl: his team all left and he's 0-0 and doesn't care so you lose
(23:33 / All) lIl: You can leave now and get a tie or stay and get a loss
(23:40 / All) Boogieman: yeah honestly i could care less
(23:45 / All) lIl: then leave
(23:54 / All) Boogieman: was searchin over an hour on my other account just want to play
(24:00 / All) lIl: The game is dead, you say you care little
(24:01 / All) Boogieman: so i will stay
(24:05 / All) lIl: yet you have two accounts so you have a better record
(24:06 / All) lIl: LOL
(24:53 / All) lIl: there we go
(24:57 / All) lIl: who loses
(25:05 / All) MassT1AlwaysWin: ur team